 Dungeon Crawl Stone Soup version 0.27.1-33-g824d729ab1 (webtiles) character file.

Game seed: 10757238862399234224

4448 DenSaoPin the Thrower (level 10, -1/85 HPs)
             Began as a Troll Hunter on Nov 28, 2021.
             Killed from afar by a manticore (9 damage)
             ... with a volley of spikes
             ... on level 7 of the Dungeon.
             The game lasted 00:35:55 (6718 turns).

DenSaoPin the Thrower (Troll Hunter)                Turns: 6718, Time: 00:35:55

Health: -1/85      AC: 11    Str: 22 (23) XL:     10   Next: 15%
Magic:  0/9        EV:  9    Int:  4 (7)  God:
Gold:   366        SH:  0    Dex: 11 (12) Spells: 9/9 levels left

rFire    . . .     SeeInvis .   s - +0 giant club
rCold    + . .     Faith    .   (shield currently unavailable)
rNeg     . . .     Spirit   +   G - +0 acid dragon scales
rPois    .         Reflect  .   (helmet restricted)
rElec    .         Harm     .   q - +2 cloak {Stlth+}
rCorr    +         Rampage  .   (gloves unavailable)
Will     .....                  (boots unavailable)
Stlth    ++........             A - amulet of guardian spirit
HPRegen  1.24/turn              H - ring of protection from cold
MPRegen  0.11/turn              (no ring)

@: mighty, spiked
A: large, unfitting armour, claws 3, regeneration 1, shaggy fur 1, tough skin 1
a: no special abilities


You were on level 7 of the Dungeon.
You visited 1 branch of the dungeon, and saw 7 of its levels.

You collected 366 gold pieces.

Inventory:

Hand Weapons
 a - a +0 short sword
 k - a +0 mace
 n - a +0 flail
 p - a +2 quarterstaff of chaos
 s - a +0 giant club (weapon)
 I - a +2 whip of flaming
Missiles
 c - 5 large rocks
 d - 2 throwing nets
 i - 99 stones (quivered)
 v - 2 boomerangs
 w - 31 sling bullets
 F - 22 poisoned darts
Armour
 b - a +0 robe
 q - a +2 cloak of stealth (worn)
 G - +0 acid dragon scales (worn)
Jewellery
 A - an amulet of guardian spirit (around neck)
 H - a ring of protection from cold (left claw)
Wands
 y - a wand of iceblast (5)
 B - a wand of digging (4)
 C - a wand of charming (7)
 E - a wand of flame (36)
Scrolls
 e - 6 scrolls of identify {unknown}
 f - 2 scrolls of blinking {unknown}
 g - 2 scrolls of brand weapon {unknown}
 h - 2 scrolls of vulnerability {unknown}
 j - 3 scrolls of teleportation {unknown}
 m - a scroll of summoning {unknown}
 r - a scroll of fog {unknown}
 D - a scroll of immolation {unknown}
 J - a scroll of enchant weapon {unknown}
 L - a scroll of noise {unknown}
Potions
 l - a potion of flight {unknown}
 t - 2 potions of brilliance {unknown}
 u - a potion of degeneration
 x - a potion of magic {unknown}
 z - a potion of might
 K - a potion of attraction {unknown}


   Skills:
 - Level 1.5 Fighting
 - Level 0.5 Short Blades
 - Level 8.5 Maces & Flails
 + Level 10.5 Throwing
 + Level 3.1 Armour
 - Level 1.5 Dodging
 - Level 0.3 Stealth


You had 9 spell levels left.
You didn't know any spells.
Your spell library contained the following spells:

 Spells                   Type           Power      Damage    Failure   Level
 Foxfire                  Conj/Fire      0%         2x1d4     58%         1
 Sandblast                Erth           0%         2d4       58%         1
 Passwall                 Tmut/Erth      0%         N/A       73%         2
 Call Canine Familiar     Summ           0%         N/A       91%         3
 Conjure Flame            Conj/Fire      0%         6-21      91%         3
 Inner Flame              Hex/Fire       0%         N/A       91%         3
 Portal Projectile        Hex/Tloc       0%         N/A       91%         3
 Swiftness                Air            0%         N/A       91%         3
 Leda's Liquefaction      Hex/Erth       0%         N/A       100%        4
 Lee's Rapid Deconstruct  Erth           0%         3d5*      100%        5
 Summon Forest            Summ/Tloc      0%         N/A       100%        5
 Summon Mana Viper        Hex/Summ       0%         N/A       100%        5
 Eringya's Noxious Bog    Tmut/Pois      0%         N/A       100%        6
 Invisibility             Hex            0%         N/A       100%        6
 Shadow Creatures         Summ           N/A        N/A       100%        6
 Summon Hydra             Summ           0%         N/A       100%        7


Dungeon Overview and Level Annotations

Branches:
Dungeon (7/15)             Temple (0/1) D:6

Altars:
Elyvilon
Gozag
Zin

Shops:
D:1 (

Annotations:
D:3 2 transporters, rme2001's ghost, amateur KoGl


Innate Abilities, Weirdness & Mutations

You are too large for most types of armour.
You have claws for hands.
Your natural rate of healing is unusually fast.
You are covered in fur. (AC +1)
You have tough skin. (AC +1)


Message History

You thump the manticore!
The manticore is heavily wounded.
The manticore barely misses you. x2; The manticore claws you!
The manticore bites you!
The manticore claws you but does no damage.
The manticore claws you.
You thump the manticore!
The manticore is almost dead.
The manticore bites you! The manticore claws you.
The manticore barely misses you.
You completely miss the manticore.
The manticore is almost dead.
You carefully extract the barbed spikes from your body.
The manticore bites you!!
* * * LOW HITPOINT WARNING * * *
The manticore barely misses you. The manticore closely misses you.
It was a potion of cancellation.
You feel magically purged. The manticore closely misses you.
The manticore claws you but does no damage.
The manticore claws you.
* * * LOW HITPOINT WARNING * * *
It was a potion of degeneration.
There was something very wrong with that liquid.
You feel weakened.
You feel dopey.
You feel clumsy. The manticore barely misses you. The manticore claws you!
* * * LOW HITPOINT WARNING * * *
The manticore barely misses you.
The manticore flicks its tail.
The volley of spikes hits you.
The barbed spikes become lodged in your body.
* * * LOW HITPOINT WARNING * * *
The barbs in your skin will harm you if you move.
Continue?
The barbed spikes dig painfully into your body as you move.
* * * LOW HITPOINT WARNING * * *
It was a potion of might.
You feel very mighty all of a sudden.
The manticore flicks its tail.
The volley of spikes hits you!
The barbed spikes become lodged in your body.
You die...

### #....# ..# #######....####
#.## #..............
#..############ #...........###
##.#....##....#####........##.###
.........'........+..............
###.....##.....####........##.###
# #.....##.....####........##.###
# #.....##......@..........##....
##.#####...<.............######
#..# #.....H....######## #####)##
#..........# .....))#
####.......# ######## .......##
#.......# #......# ........#
#..##.(.#######...# ........#
#..##....##∩8∩##..### .......)##
#..##....#..$..#.....


You could see a manticore.

Vanquished Creatures
  The ghost of Vivir the Fighter, a novice MiFi of Okawaru (D:6)
  Pikel (D:7)
  Sigmund (D:3)
  5 yaks
  An acid dragon (D:7)
  A water moccasin (D:6)
  2 black bears (D:6)
  A sky beast (D:7)
  2 ice beasts (D:6)
  An ogre (D:4)
  3 necrophages
  A centaur (D:5)
  A phantom (D:5)
  Blork the orc (D:6)
  2 kobold brigands (D:7)
  3 scorpions
  A water moccasin zombie (D:5)
  3 wights (D:6)
  5 killer bees (D:7)
  A howler monkey (D:6)
  A bullfrog zombie (D:5)
  2 jellies
  A hound (D:4)
  An orc priest (D:7)
  Crazy Yiuf (D:3)
  Terence (D:3)
  3 iguanas
  Natasha (thrice) (D:4)
  A howler monkey skeleton (D:5)
  A gnoll (D:1)
  An adder (D:2)
  A shadow imp (D:3)
  A white imp (D:6)
  2 ufetubi
  5 worms
  5 dart slugs
  14 orcs
  8 bats
  3 endoplasms (D:3)
  7 giant cockroaches
  5 goblins
  11 hobgoblins
  15 kobolds
  3 quokkas
  9 ball pythons
  2 frilled lizards (D:2)
  6 rats
150 creatures vanquished.

Notes
Turn   | Place    | Note
-------+----------+-------------------------------------------
     0 | D:1      | DenSaoPin the Troll Hunter began the quest for the Orb.
     0 | D:1      | Reached XP level 1. HP: 19/19 MP: 0/0
    51 | D:1      | Found Mucuocw's Weapon Boutique.
   131 | D:1      | Reached skill level 4 in Throwing
   143 | D:1      | Reached XP level 2. HP: 27/27 MP: 1/1
   440 | D:1      | Reached XP level 3. HP: 33/33 MP: 2/2
   786 | D:2      | Found a faded altar of an unknown god.
  1004 | D:2      | Found a white marble altar of Elyvilon.
  1383 | D:3      | Reached XP level 4. HP: 37/41 MP: 3/3
  1534 | D:3      | Reached skill level 5 in Throwing
  1598 | D:3      | Found a runed translucent door.
  1599 | D:3      | Noticed Crazy Yiuf
  1651 | D:3      | Noticed Terence
  1697 | D:3      | Killed Terence
  1698 | D:3      | Reached skill level 1 in Maces & Flails
  1826 | D:3      | Noticed a phantom
  1830 | D:3      | Found a transporter.
  1830 | D:3      | Noticed rme2001's ghost (amateur KoGl)
  1906 | D:3      | Found a transporter.
  2046 | D:3      | Noticed Sigmund
  2144 | D:3      | Killed Sigmund
  2145 | D:3      | Reached XP level 5. HP: 33/48 MP: 4/4
  2145 | D:3      | Reached XP level 6. HP: 37/55 MP: 5/5
  2332 | D:3      | HP: 2/52 [Crazy Yiuf (15)]
  2389 | D:3      | Killed Crazy Yiuf
  2460 | D:4      | Noticed Natasha
  2500 | D:3      | Reached skill level 6 in Throwing
  2550 | D:4      | Killed Natasha
  2552 | D:4      | Noticed Natasha
  2561 | D:4      | Killed Natasha
  2749 | D:4      | Reached XP level 7. HP: 15/62 MP: 6/6
  2827 | D:4      | Noticed Natasha
  2835 | D:4      | Killed Natasha
  2965 | D:4      | Found a glowing silver altar of Zin.
  3374 | D:5      | Entered Level 5 of the Dungeon
  3417 | D:5      | Reached skill level 7 in Throwing
  3428 | D:5      | Reached skill level 5 in Maces & Flails
  3439 | D:5      | Noticed a yak
  3451 | D:5      | Killed a yak
  3452 | D:5      | Reached XP level 8. HP: 59/70 MP: 7/7
  3552 | D:5      | Reached skill level 8 in Throwing
  4538 | D:6      | Reached XP level 9. HP: 76/76 MP: 8/8
  4542 | D:6      | Noticed Blork the orc
  4554 | D:6      | Killed Blork the orc
  4595 | D:6      | Reached skill level 9 in Throwing
  5083 | D:6      | Found a staircase to the Ecumenical Temple.
  5749 | D:7      | Noticed Pikel
  5836 | D:7      | Killed Pikel
  5837 | D:7      | Reached skill level 10 in Throwing
  5837 | D:7      | Reached skill level 1 in Armour
  6167 | D:7      | Found a runed translucent gate.
  6168 | D:7      | Found a runed translucent gate.
  6168 | D:7      | Found a runed translucent gate.
  6169 | D:7      | Found an opulent altar of Gozag.
  6170 | D:7      | Noticed Vivir's ghost (novice MiFi)
  6170 | D:7      | Noticed a manticore
  6584 | D:6      | Killed Vivir's ghost
  6585 | D:6      | Reached XP level 10. HP: 69/85 MP: 6/9
  6718 | D:7      | Killed from afar by a manticore

Illustrated notes

Levels and vault maps discovered:
D:1:      lightli_iron_boxes, layout_basic, serial_shops, shop
D:2:      layout_loops_ring, basic_altar, shapermc_ecumenical_altar_venn
D:3:      layout_loops_corners, gammafunk_ghost_mausoleum, uniq_terence,
          uniq_sigmund, uniq_crazy_yiuf_cottage
D:4:      layout_layer_cave, mainiacjoe_overflow_tiny_flanked, grunt_tough_drop,
          uniq_natasha
D:5:      layout_loops_ring, cheibrodos_sewer_entry_bend,
          corexii_item_surrounded_by_moat, minmay_misc_feat_nine_boxes
D:6:      layout_basic, minmay_temple_entry_wispy, serial_glass,
          glass_columns_b, glass_columns_a, uniq_blork_the_orc
D:7:      layout_basic, ebering_ghost_gozag, kennysheep_minor_cross, uniq_pikel

Skill      XL: |  1  2  3  4  5  6  7  8  9 |
---------------+----------------------------+-----
Throwing       | 4 5 6 7 8 10 | 10.5
Maces & Flails | 2 3 5 7 8 |  8.5
Armour         | 3 |  3.1
Fighting       | |  1.5
Short Blades   | |  0.5
Dodging        | |  1.5
Stealth        | |  0.3

Action                   |  1- 3 |  4- 6 |  7- 9 | 10-12 || total
-------------------------+-------+-------+-------+-------++-------
Melee: Short sword       |   174 |       |       |       ||   174
       Mace              |     3 |    35 |       |       ||    38
       Flail             |       |    71 |     1 |       ||    72
       Giant club        |       |       |   262 |     6 ||   268
Throw: Stone             |       |    33 |    87 |     8 ||   128
       Boomerang         |       |       |    92 |       ||    92
       Dart              |       |       |    10 |       ||    10
  Use: Potion            |       |       |       |     3 ||     3
 Stab: Sleeping          |     1 |       |     1 |       ||     2
Armor: Robe              |    72 |    14 |    91 |       ||   177
       Acid dragon scale |       |       |    57 |     5 ||    62
Dodge: Dodged            |   112 |    36 |   188 |    11 ||   347
